 Dungeon Crawl Stone Soup version 0.23.2-33-g5129a83184 (webtiles) character file.

Game seed: 17441170658241817601

79 Derp the Poker (level 4, -5/36 HPs)
             Began as a Demonspawn Berserker on July 21, 2019.
             Was a Believer of Trog.
             Slain by a worm (12 damage)
             ... on level 3 of the Dungeon.
             The game lasted 00:04:22 (2063 turns).

Derp the Poker (Demonspawn Berserker)               Turns: 2063, Time: 00:04:23

Health: -5/36      AC:  3    Str: 18    XL:     4   Next: 16%
Magic:  4/4        EV: 12    Int:  9    God:    Trog [**....]
Gold:   142        SH:  0    Dex: 12    Spells: 3/3 levels left

rFire    . . .     SeeInvis .   a - +0 spear
rCold    . . .     Gourm    .   (no shield)
rNeg     . . .     Faith    .   b - +0 animal skin
rPois    .         Spirit   .   (helmet restricted)
rElec    .         Reflect  .   h - +0 cloak
rCorr    .         Harm     .   (no gloves)
MR       ++...                  (no boots)
Stlth    +.........             e - amulet of rage
HPRegen  1.12/turn              (no ring)
MPRegen  0.09/turn              (no ring)

@: lethally poisoned (-5 -> -6), berserk cooldown, regenerating, slowed, very
slow
A: antennae 1, powered by pain 1
a: Berserk, Trog's Hand, Renounce Religion, Evoke Berserk Rage


You were on level 3 of the Dungeon.
You worshipped Trog.
Trog was pleased with you.
You were not hungry.

You visited 1 branch of the dungeon, and saw 3 of its levels.

You collected 142 gold pieces.

Inventory:

Hand Weapons
 a - a +0 spear (weapon)
Armour
 b - a +0 animal skin (worn)
 h - a +0 cloak (worn)
Jewellery
 e - an amulet of rage (around neck)
Scrolls
 d - 3 scrolls of identify {unknown}
 f - a scroll of fog {unknown}
 i - 3 scrolls of teleportation {unknown}
 j - a scroll of random uselessness {unknown}
 k - 2 scrolls of blinking {unknown}
 n - a scroll of enchant weapon {unknown}
Potions
 g - 2 potions of lignification {unknown}
 l - a potion of magic {unknown}
 m - a potion of brilliance {unknown}
 o - a potion of curing {unknown}
Comestibles
 c - 2 rations


   Skills:
 + Level 3.6 Fighting
 + Level 3.6 Polearms
 + Level 1.9 Armour
 + Level 2.4 Dodging
 + Level 0.5 Stealth


You had 3 spell levels left.
You didn't know any spells.
Your spell library was empty.

Dungeon Overview and Level Annotations

Branches:
Dungeon (3/15)

Altars:
Nemelex Xobeh
Okawaru


Innate Abilities, Weirdness & Mutations

You have a pair of small antennae on your head.
You sometimes gain a little power by taking damage.


Message History

You kill the rat!
Trog accepts your kill. The goblin hits you but does no damage.
You feel sick. The goblin barely misses you.
You miss the goblin. The goblin hits you but does no damage.
The goblin closely misses you.
You completely miss the goblin.
You are no longer berserk.
You are exhausted.
You feel yourself slow down. The goblin closely misses you.
You puncture the goblin!
You kill the goblin!
Trog accepts your kill.
You feel sick. The goblin closely misses you.
You hit the goblin.
The goblin is heavily wounded.
The goblin hits you.
* * * LOW HITPOINT WARNING * * *
The worm bites you!
You die...

... ###.# #...# #..#
...# #.# # #... #.#
.# ###. #### #.# .
...# #.# .####. ...#
#.##......
...############g#...#
..............))@.#
...############w###
...# ..... ...#
......... ...#
............. ...#
......%...... ####
.............
.............


You could see a worm and a goblin.

Vanquished Creatures
  2 adders
  A worm (D:2)
  4 dart slugs (D:1)
  2 leopard geckos
  5 giant cockroaches
  6 hobgoblins
  6 bats
  2 frilled lizards (D:1)
  8 goblins
  4 kobolds
  10 rats
50 creatures vanquished.

Notes
Turn   | Place    | Note
-------+----------+-------------------------------------------
     0 | D:1      | Derp the Demonspawn Berserker began the quest for the Orb.
     0 | D:1      | Reached XP level 1. HP: 18/18 MP: 1/1
    82 | D:1      | Gained mutation: You have a pair of small antennae on your
                  | head. [demonic ancestry]
    82 | D:1      | Reached XP level 2. HP: 19/24 MP: 2/2
   711 | D:1      | Found an iron altar of Okawaru.
   938 | D:1      | Reached XP level 3. HP: 25/29 MP: 3/3
   945 | D:1      | Reached ** piety under Trog
  1375 | D:2      | Found a sparkling altar of Nemelex Xobeh.
  2047 | D:3      | Gained mutation: You sometimes gain a little power by
                  | taking damage. [demonic ancestry]
  2047 | D:3      | Reached XP level 4. HP: 14/35 MP: 4/4
  2063 | D:3      | Slain by a worm

Skill      XL: |  1  2 |
---------------+-------+-----
Polearms       | 3 |  3.6
Dodging        | 2 |  2.4
Fighting       | |  3.6
Armour         | |  1.9
Stealth        | |  0.5

Action                   |  1- 3 |  4- 6 || total
-------------------------+-------+-------++-------
Melee: Spear             |   184 |    13 ||   197
Invok: Berserk           |     3 |       ||     3
       Trog's Hand       |     1 |       ||     1
 Stab: Sleeping          |     3 |       ||     3
  Eat: Chunk             |     4 |       ||     4
       Ration            |     1 |       ||     1
Armor: Animal skin       |    34 |     5 ||    39
Dodge: Dodged            |    93 |    11 ||   104
